 Dungeon Crawl Stone Soup version 0.31-a0-325-g067879e3d3 (webtiles) character file.

Game seed: 617473837342450293

4349 lunkers the Martial Artist (level 10, -4/84 HPs)
             Began as a Meteoran Shapeshifter on July 18, 2023.
             Was an Elder of Jiyva.
             Slain by a troll (5 damage)
             ... on level 10 of the Dungeon.
             The game lasted 00:13:10 (3165 turns).

lunkers the Martial Artist (Meteoran Shapeshifter)  Turns: 3165, Time: 00:13:11

Health: -4/84      AC:  7    Str: 18    XL:     10   Next: 90%
Magic:  12/12      EV: 17    Int: 13    God:    Jiyva [****..]
Gold:   416        SH:  6    Dex: 28    Spells: 9/9 levels left

rFire   . .          .
                       - Unarmed
rCold   . . .        x - +0 buckler of Grace {Dex+6}
rNeg    + . .        o - +2 ring mail of Rinusyaleo {rF- Int+4 Dex+3 SInv}
rPois   .            (helmet currently unavailable)
rElec   .            (cloak currently unavailable)
rCorr   +            (gloves currently unavailable)
SInv    +            (boots currently unavailable)
Will    +....        (no amulet)
Stlth   +            e - ring of positive energy
HPRegen 1.62/turn    m - ring of protection from fire
MPRegen 0.53/turn

%: no passive effects
@: beast-form, glowing
A: beast (slay +4), sense surroundings 2, otherworldly, glowing, explore regen,
hooves 2, high MP 1, wild magic 3, jelly sensing items
a: Begin Untransformation, Renounce Religion, Oozemancy, Slimify


You were on level 10 of the Dungeon.
You worshipped Jiyva.
Jiyva was greatly pleased with you.
You were a hulking beast.
You visited 1 branch of the dungeon, and saw 10 of its levels.
You also visited: Bailey.

You collected 416 gold pieces.

Inventory:

Armour
 h - a +1 ring mail
 o - the +2 ring mail of Rinusyaleo (worn) {rF- Int+4 Dex+3 SInv}
   (You found it on level 3 of the Dungeon)

   Int:       It affects your intelligence (+4).
   Dex:       It affects your dexterity (+3).
   rF:        It makes you vulnerable to fire.
   SInv:      It lets you see invisible.
 u - a +2 pair of gloves of dexterity
 v - the +2 pair of boots of Tor Tuukke {*Slow rCorr Str+8}
   (You found it in a bailey)

   Str:       It affects your strength (+8).
   rCorr:     It protects you from acid and corrosion.
   *Slow:     It may slow you when you take damage.
 x - the +0 buckler of Grace (worn) {Dex+6}
   (You found it on level 9 of the Dungeon)

   Dex:       It affects your dexterity (+6).
Jewellery
 e - a ring of positive energy (left hand)
 m - a ring of protection from fire (right hand)
 t - a ring of fire
 y - a ring of protection from cold
Talismans
 c - a beast talisman
Wands
 q - a wand of flame (14)
Scrolls
 l - a scroll of teleportation
 s - a scroll of fog
Potions
 b - a potion of magic
 d - 2 potions of attraction
 f - a potion of invisibility
 g - a potion of resistance
 i - 3 potions of might
 j - a potion of mutation {unknown}
 k - a potion of heal wounds {unknown}
 n - 2 potions of lignification
 p - 2 potions of curing {unknown}
 r - a potion of cancellation {unknown}
 w - a potion of degeneration {unknown}


   Skills:
 + Level 6.5 Fighting
 + Level 7.2 Dodging
 + Level 13.2 Unarmed Combat
 + Level 6.7 Shapeshifting


You had 9 spell levels left.
You didn't know any spells.
Your spell library contained the following spells:

 Spells                   Type           Power      Damage    Failure   Level
 Sandblast                Erth           0%         2d4       82%         1
 Passwall                 Tmut/Erth      0%         N/A       90%         2
 Stone Arrow              Conj/Erth      0%         3d7       98%         3
 Tukima's Dance           Hex            0%         N/A       98%         3
 Passage of Golubria      Tloc           0%         N/A       100%        4
 Yara's Violent Unravell  Hex/Tmut       0%         3d3       100%        5


Dungeon Overview and Level Annotations

Branches:
Dungeon (10/15) Zot: 3232  Temple (0/1) D:5          Bailey (visited)
   Lair: D:8-11         Orc: D:9-12

Altars:
Dithmenos
Elyvilon
Fedhas
Wu Jian
Yredelemnul
The Shining One
Jiyva

Shops:
D:5 **

Annotations:
D:3 1 runed translucent door


Innate Abilities, Weirdness & Mutations

You are a hulking beast.
Your limbs bulge with bestial killing power. (Slay +4)
You passively map the area around you.
You are easily found by Zot.
You glow in the dark.
You regain HP and MP as you explore.
You have hoof-like feet.
You have an increased reservoir of magic. (+10% MP)
Your spells are much harder to cast, but much more powerful.
You have a small jelly attached to you that senses nearby items.


Message History

* * * LOW HITPOINT WARNING * * *
The troll claws you.
* * * LOW HITPOINT WARNING * * *
The troll claws you.
* * * LOW HITPOINT WARNING * * *
Unknown command.
You swap places.
An orc comes into view. It is wielding a +0 flail.
The orc shouts! x2
Joseph hits the troll.
The troll barely misses you. The troll claws you but does no damage.
The troll misses you. You block the orc's attack.
Things that are here:
a +0 quarterstaff; a +0 sling; a +0 ring mail You block the troll's attack.
The troll claws you.
* * * LOW HITPOINT WARNING * * *
The troll closely misses you.
The orc hits Joseph with a +0 dagger.
The orc attacks as you move away! The orc closely misses you.
You hear a slurping noise.
Joseph hits the orc!
The orc dies!
Unknown command.
The orc attacks as you move away! The orc closely misses you.
Unknown command.
The troll attacks as you move away! You block the troll's attack.
The troll claws you!
* * * LOW HITPOINT WARNING * * *
The troll misses you.
You hear a slurping noise.
The troll attacks as you move away! The troll bites you!
* * * LOW HITPOINT WARNING * * *
The troll closely misses you. The troll claws you.
* * * LOW HITPOINT WARNING * * *
You punch the troll!
The troll is moderately wounded.
You hear a slurping noise.
The troll bites you!
* * * LOW HITPOINT WARNING * * *
The troll claws you.
You die...

, ,+..........# *
*#..........#
#..........#
####'#######
#..##### ##.....#
###########.## *
#........>...# ,
#.......Th...# ,,
#.......o....# , *
#.....o......# ,
#..J..o......#
,*#...............#
, ####..o.........#
, **#.o..........#
, ..............#
#.##########...#


You could see a troll, 5 orcs and the neutral Joseph the slime creature
(wandering) (fellow slime).

Vanquished Creatures
  A two-headed ogre (D:8)
  A kobold demonologist (D:9)
  Sigmund (D:3)
  A steam dragon (D:9)
  Duvessa (D:7)
  A water moccasin (D:7)
  8 orc warriors (Bailey)
  A black bear (D:5)
  3 sky beasts
  An ogre (D:6)
  An ice beast (D:6)
  A centaur (D:9)
  3 phantoms (D:5)
  2 scorpions
  8 wights
  Dowan (D:7)
  8 killer bees
  4 orc priests
  A hound (D:5)
  3 sleepcaps
  4 iguanas
  A gnoll bouda (D:7)
  3 orc wizards
  4 gnolls (D:7)
  An adder (D:6)
  2 shadow imps
  An ufetubus (D:6)
  2 worms
  3 dart slugs
  35 orcs
  4 ball pythons
  4 giant cockroaches
  4 goblins
  8 hobgoblins
  3 kobolds
  A quokka (D:4)
  8 bats
  3 frilled lizards
  A jackal skeleton (D:3)
  6 rats
149 creatures vanquished.

Vanquished Creatures (others)
  A killer bee (D:8)
  4 howler monkeys
  12 jellies
  An iguana (D:6)
  2 orc wizards
  An endoplasm (D:4)
  4 orcs
  3 kobolds
  A quokka (D:4)
  A frilled lizard (D:3)
30 creatures vanquished.

Grand Total: 179 creatures vanquished

Notes
Turn   | Place    | Note
-------+----------+-------------------------------------------
     0 | D:1      | lunkers the Meteoran Shapeshifter began the quest for the
                  | Orb.
     0 | D:1      | Reached XP level 1. HP: 17/17 MP: 2/2
    84 | D:1      | Reached skill level 3 in Unarmed Combat
    84 | D:1      | Reached XP level 2. HP: 24/24 MP: 3/3
   357 | D:2      | Reached XP level 3. HP: 29/29 MP: 4/4
   411 | D:3      | Reached skill level 4 in Unarmed Combat
   471 | D:3      | Found an ornate altar of the Wu Jian Council.
   471 | D:3      | Found a faded altar of an unknown god.
   487 | D:3      | Reached skill level 5 in Unarmed Combat
   487 | D:3      | Reached XP level 4. HP: 20/36 MP: 5/5
   496 | D:3      | Found a white marble altar of Elyvilon.
   496 | D:3      | Noticed Sigmund
   498 | D:3      | Found a blossoming altar of Fedhas.
   499 | D:3      | Found a shadowy altar of Dithmenos.
   506 | D:3      | Killed Sigmund
   507 | D:3      | Reached skill level 7 in Unarmed Combat
   507 | D:3      | Reached XP level 5. HP: 18/41 MP: 6/6
   507 | D:3      | Reached XP level 6. HP: 21/48 MP: 7/7
   538 | D:3      | Prayed at the altar of an unknown god.
   538 | D:3      | Became a worshipper of Jiyva Joehymm the Shapeless
   538 | D:3      | Reached * piety under Jiyva
   680 | D:3      | Found a runed translucent door.
   680 | D:3      | Noticed a human
   683 | D:3      | Found a basalt altar of Yredelemnul.
   707 | D:3      | Identified the +2 ring mail of Rinusyaleo {rF- Int+4 Dex+3
                  | SInv}
   909 | D:4      | Reached ** piety under Jiyva
   930 | D:4      | Reached skill level 8 in Unarmed Combat
   930 | D:4      | Reached XP level 7. HP: 51/55 MP: 8/8
   998 | D:4      | You fall into a shaft and drop 2 floors!
  1043 | D:5      | Entered Level 5 of the Dungeon
  1070 | D:5      | Reached skill level 9 in Unarmed Combat
  1127 | D:5      | Reached XP level 8. HP: 58/61 MP: 9/9
  1202 | D:5      | Reached skill level 10 in Unarmed Combat
  1239 | D:5      | Reached skill level 11 in Unarmed Combat
  1265 | D:5      | Found a staircase to the Ecumenical Temple.
  1319 | D:5      | Found Hefrustu's General Store.
  1321 | D:5      | Found Qoixkom's Specific Store.
  1366 | D:5      | Reached *** piety under Jiyva
  1427 | D:6      | Gained mutation: You passively map the area around you.
                  | [Meteoran growth]
  1427 | D:6      | Reached XP level 9. HP: 66/67 MP: 10/10
  1433 | D:6      | Gained mutation: You have large cloven feet. [Jiyva's
                  | grace]
  1433 | D:6      | Gained mutation: You have hoof-like feet. [Jiyva's grace]
  1433 | D:6      | Gained mutation: You have hooves in place of feet. [Jiyva's
                  | grace]
  1433 | D:6      | Gained mutation: You have an increased reservoir of magic.
                  | (+10% MP) [Jiyva's grace]
  1463 | D:6      | Reached skill level 12 in Unarmed Combat
  1638 | D:7      | Found a flagged portal.
  1705 | Bailey   | Entered a bailey
  1884 | Bailey   | Reached skill level 5 in Shapeshifting
  1916 | Bailey   | Reached skill level 5 in Dodging
  1966 | Bailey   | Reached XP level 10. HP: 67/80 MP: 12/12
  2003 | Bailey   | Identified the +2 pair of boots of Tor Tuukke {*Slow rCorr
                  | Str+8}
  2225 | D:7      | Noticed Dowan
  2227 | D:7      | Noticed Duvessa
  2234 | D:7      | Killed Duvessa
  2241 | D:7      | Killed Dowan
  2394 | D:8      | Reached **** piety under Jiyva
  2532 | D:8      | Noticed a two-headed ogre
  2534 | D:8      | Killed a two-headed ogre
  2535 | D:8      | Reached skill level 5 in Fighting
  2669 | D:8      | Reached skill level 13 in Unarmed Combat
  2735 | D:9      | Identified the +0 buckler of Grace {Dex+6}
  2840 | D:9      | Noticed a kobold demonologist
  2849 | D:9      | Killed a kobold demonologist
  2891 | D:9      | Reached ***** piety under Jiyva
  2897 | D:9      | Found a glowing golden altar of the Shining One.
  3133 | D:10     | Entered Level 10 of the Dungeon
  3145 | D:10     | Lost mutation: You have hooves in place of feet. [Jiyva's
                  | grace]
  3145 | D:10     | Gained mutation: Your spells are a little harder to cast,
                  | but a little more powerful. [Jiyva's grace]
  3145 | D:10     | Gained mutation: Your spells are harder to cast, but more
                  | powerful. [Jiyva's grace]
  3145 | D:10     | Gained mutation: Your spells are much harder to cast, but
                  | much more powerful. [Jiyva's grace]
  3145 | D:10     | Gained mutation: You have a small jelly attached to you
                  | that senses nearby items. [Jiyva's grace]
  3150 | D:10     | Noticed Joseph
  3158 | D:10     | Slimified Joseph
  3158 | D:10     | Joseph changed into Joseph the slime creature
  3158 | D:10     | Noticed Joseph
  3165 | D:10     | HP: 1/84 [troll (8)]
  3165 | D:10     | Slain by a troll

Illustrated notes

Levels and vault maps discovered:
D:1:      wheals_arrival_linesprint, layout_loops_ring,
          chequers_ecumenical_altar_twisty
D:2:      layout_loops_ring
D:3:      layout_rooms, dk_yredelemnul_ordeal,
          chequers_temple_overflow_minitemple, st_stairs_4,
          wander_ebering_terrifying_dragon_lair, uniq_sigmund
D:4:      layout_cave_pools, grunt_ministairs_4, hangedman_decor_push,
          grunt_decor_arrowhead
D:5:      layout_rooms, nicolae_ashenzari_skybound, temple_statues,
          nicolae_specific_store
D:6:      layout_basic, minmay_misc_feat_alley, minmay_liquid_box
D:7:      layout_rooms, enter_bailey_4, uniq_duvessa
D:8:      layout_loops_ring, serial_rivers, chequers_serial_rivers_micro_c,
          chequers_serial_rivers_micro_d, chequers_serial_rivers_micro_b,
          chequers_serial_rivers_small_3, chequers_serial_rivers_small_b,
          chequers_serial_rivers_marsh
D:9:      layout_roguey, tso_oasis_becter, hangedman_abyss_or_decor_stagger
D:10:     layout_roguey, david_orc_2, serial_shops,
          nicolae_shop_window_shopping, uniq_maurice, uniq_joseph

Skill      XL: |  1  2  3  4  5  6  7  8  9 10 |
---------------+-------------------------------+-----
Unarmed Combat | 3 5 7 8 9 11 12 13 | 13.2
Dodging        | 5 7 |  7.2
Shapeshifting  | 5 6 |  6.7
Fighting       | 4 6 |  6.5

Action                     |  1- 3 |  4- 6 |  7- 9 | 10-12 || total
---------------------------+-------+-------+-------+-------++-------
  Melee: Unarmed           |    65 |    67 |   166 |    75 ||   373
         Punch             |     2 |     2 |     8 |     4 ||    16
         Kick              |       |       |    36 |    23 ||    59
 Invoke: Oozemancy         |       |       |     1 |       ||     1
         Slimify           |       |       |       |     1 ||     1
    Use: Potion            |       |     1 |       |       ||     1
         Scroll            |       |       |    10 |     2 ||    12
 Armour: Animal skin       |    13 |       |       |       ||    13
         Ring mail         |    14 |    26 |    46 |    22 ||   108
         Skin              |       |    13 |       |       ||    13
  Dodge: Dodged            |    32 |    25 |    91 |    60 ||   208
  Block: Buckler           |       |       |       |    20 ||    20

Table legend: (Time is in decaauts)
 A = Elapsed time spent in this place.
 B = Non-inter-level travel time spent in this place.
 C = Inter-level travel time spent in this place.
 D = Time resting spent in this place.
 E = Time spent auto-exploring this place.
 F = Levels seen in this place.
 G = Mean time per level.
                   A        B        C        D        E       F      G
               +--------+--------+--------+--------+--------+-----+--------+
         Total |   3117 |   3073 |     44 |     23 |   1532 |  11 |  283.4 |
       Dungeon |   2767 |   2723 |     44 |     23 |   1530 |  10 |  276.7 |
        Bailey |    350 |    350 |      0 |      0 |      2 |   1 |  350.0 |
               +--------+--------+--------+--------+--------+-----+--------+

Top non-repeatable levels by time:
     D:7: 442 daAuts
     D:9: 394 daAuts
     D:8: 372 daAuts
     D:3: 364 daAuts
  Bailey: 350 daAuts
     D:5: 326 daAuts
     D:1: 263 daAuts
     D:6: 217 daAuts
     D:4: 217 daAuts
     D:2: 138 daAuts
    D:10: 31 daAuts
